 Dungeon Crawl Stone Soup version 0.30-a0-949-g53dc5368d7 (webtiles) character file.

Game seed: 4671867322425355242

51 Jackthecabe the Caller (level 3, -2/24 HPs)
             Began as a Demonspawn Summoner on Mar 28, 2023.
             Was an Initiate of Yredelemnul.
             Slain by an orc
             ... wielding a +0 hand axe
              (7 damage)
             ... on level 3 of the Dungeon.
             The game lasted 00:03:24 (2732 turns).

Jackthecabe the Caller (Demonspawn Summoner)        Turns: 2732, Time: 00:03:25

Health: -2/24      AC:  4    Str:  8    XL:     3   Next: 57%
Magic:  3/6        EV: 12    Int: 18    God:    Yredelemnul [......]
Gold:   133        SH:  0    Dex: 13    Spells: 2/6 levels left

rFire   . . .      SeeInvis .    (no weapon)
rCold   . . .      Faith    .    (no shield)
rNeg    . . .      Spirit   .    a - +0 robe
rPois   .          Reflect  .    h - +1 hat
rElec   .          Rampage  .    (no cloak)
rCorr   .                        d - +0 pair of gloves
Will    .....                    (no boots)
Stlth   ++                       (no amulet)
HPRegen 0.24/turn                (no ring)
MPRegen 0.10/turn                (no ring)

@: very slightly contaminated
A: foul stench 1
a: Renounce Religion, Recall Undead Harvest


You were on level 3 of the Dungeon.
You worshipped Yredelemnul.
Yredelemnul was noncommittal.
You visited 1 branch of the dungeon, and saw 3 of its levels.

You collected 133 gold pieces.


Innate Abilities, Weirdness & Mutations

You may rarely emit foul miasma when damaged in melee.


   Skills:
 - Level 1.7 Dodging
 - Level 1.7 Stealth
 - Level 2.0 Spellcasting
 + Level 5.3 Summonings


You had 2 spell levels left.
You knew the following spells:

 Your Spells              Type           Power      Damage    Failure   Level
c - Call Canine Familiar  Summ           21%        N/A       6%          3
z - Summon Small Mammal   Summ           84%        N/A       1%          1

Your spell library contained the following spells:

 Spells                   Type           Power      Damage    Failure   Level
 Call Imp                 Summ           21%        N/A       3%          2
 Summon Guardian Golem    Hex/Summ       11%        N/A       19%         3
 Portal Projectile        Hex/Tloc       2%         N/A       47%         3
 Tukima's Dance           Hex            1%         N/A       47%         3
 Summon Lightning Spire   Summ/Air       11%        N/A       52%         4
 Blade Hands              Tmut           0%         N/A       99%         5

Inventory:

Missiles
 g - a throwing net {=f}
Armour
 a - a +0 robe (worn)
 d - a +0 pair of gloves (worn)
 h - a +1 hat (worn)
Scrolls
 c - a scroll of blinking {unknown}
 e - a scroll of poison {unknown}
 f - a scroll of fog {unknown}
 i - 2 scrolls of identify {unknown}
 k - 2 scrolls of fear {unknown}
 l - a scroll of teleportation {unknown}
 m - a scroll of silence {unknown}
Potions
 b - a potion of magic
 j - a potion of invisibility {unknown}
 n - a potion of lignification {unknown}
 o - a potion of brilliance {unknown}

Dungeon Overview and Level Annotations

Branches:
Dungeon (3/15)

Altars:
Yredelemnul

..#.#.#.## #........#
#.#.#.#... #........
..#.#.#.. ........#+#
......gZ..######
......o@......>#
#....r.#..#.##.########
#......#..#.#..........
#......#....#..########
#......#...##.........
#......#...##.....####
+..........##..##.####.#
...........##..........#
.....###.##.######


You could see an orc (ally target), a hobgoblin, a friendly frilled lizard
zombie and a friendly quokka (summoned).


Message History

The orc hits you with a +0 hand axe.
* * * LOW HITPOINT WARNING * * *
The orc closely misses your quokka. The hobgoblin barely misses you.
You are too injured to fight recklessly!
You are too injured to fight recklessly!
Unknown command.
You are too injured to fight recklessly!
You are too injured to fight recklessly!
Unknown command.
Casting: Summon Small Mammal (safe; 1% risk of failure)
Confirm with . or Enter, or press ? or * to list all spells.
You miscast Summon Small Mammal.
You are very lightly contaminated with residual magic.
Nothing appears to happen.
Your quokka misses the frilled lizard. The frilled lizard bites you.
* * * LOW HITPOINT WARNING * * *
The orc misses you. The orc barely misses your quokka.
The hobgoblin hits you but does no damage.
You hit the orc but do no damage.
The orc is lightly wounded.
Your quokka bites the frilled lizard.
The frilled lizard dies!
The dead are walking!
The orc closely misses you.
The orc hits your frilled lizard zombie with a +0 hand axe.
The orc hits your quokka with a +0 hand axe.
The hobgoblin barely misses you. The hobgoblin attacks as you move away!
The hobgoblin closely misses you. The orc attacks as you move away!
The orc hits you with a +0 hand axe!
You die...
Your body rises from the dead as a mindless zombie.

Skill      XL: |  1  2 |
---------------+-------+-----
Summonings     | 5 |  5.3
Dodging        | |  1.7
Stealth        | |  1.7
Spellcasting   | |  2.0

Action                     || total
---------------------------++-------
  Melee: Unarmed           ||   129
         Punch             ||     1
   Cast: Summon Small Mamm ||   105
   Stab: Sleeping          ||     1
 Armour: Robe              ||    59
  Dodge: Dodged            ||   141

Levels and vault maps discovered:
D:1:      saegor_arrival_under_anarchy, layout_basic
D:2:      layout_basic, basic_altar, kennysheep_generic_room_14
D:3:      layout_basic, serial_glass, glass_columns_b, glass_columns_b,
          glass_columns_a, glass_columns_a, glass_columns_a, glass_columns_a,
          serial_shops, shop

Notes
Turn   | Place    | Note
-------+----------+-------------------------------------------
     0 | D:1      | Jackthecabe the Demonspawn Summoner began the quest for the
                  | Orb.
     0 | D:1      | Reached XP level 1. HP: 13/13 MP: 3/3
   574 | D:1      | Gained mutation: You may rarely emit foul miasma when
                  | damaged in melee. [demonic ancestry]
   574 | D:1      | Reached XP level 2. HP: 15/19 MP: 0/5
  1453 | D:1      | Reached skill level 5 in Summonings
  1453 | D:1      | Reached XP level 3. HP: 14/24 MP: 3/6
  1747 | D:2      | Learned a level 3 spell: Call Canine Familiar
  2467 | D:2      | Found a basalt altar of Yredelemnul.
  2496 | D:2      | Became a worshipper of Yredelemnul the Dark
  2732 | D:3      | Slain by an orc

Vanquished Creatures
  A hobgoblin (D:2)
  3 jackals
  4 ball pythons
  A bat (D:2)
  A frilled lizard (D:1)
  2 kobolds
  A rat (D:3)
13 creatures vanquished.

Vanquished Creatures (collateral kills)
  A dart slug (D:1)
  5 bats
  4 endoplasms
  A giant cockroach (D:1)
  3 goblins
  3 hobgoblins
  2 jackals
  A quokka (D:1)
  3 ball pythons (D:1)
  3 frilled lizards
  4 kobolds
  3 rats
33 creatures vanquished.

Vanquished Creatures (others)
  A goblin zombie (D:3)
1 creature vanquished.

Grand Total: 47 creatures vanquished

Table legend: (Time is in decaauts)
 A = Elapsed time spent in this place.
 B = Non-inter-level travel time spent in this place.
 C = Inter-level travel time spent in this place.
 D = Time resting spent in this place.
 E = Time spent auto-exploring this place.
 F = Levels seen in this place.
 G = Mean time per level.
                   A        B        C        D        E       F      G
               +--------+--------+--------+--------+--------+-----+--------+
         Total |   2731 |   2671 |     60 |      0 |   2144 |   3 |  910.3 |
       Dungeon |   2731 |   2671 |     60 |      0 |   2144 |   3 |  910.3 |
               +--------+--------+--------+--------+--------+-----+--------+

Top non-repeatable levels by time:
     D:1: 1637 daAuts
     D:2: 987 daAuts
     D:3: 106 daAuts

Table legend:
 A = Non-vault XP
 B = Vault XP
 C = Vault XP percentage of total XP
 D = Non-vault monster count
 E = Vault monster count
 F = Vault count percentage of total count
                 A         B        C        D         E       F
            +---------+---------+-------+---------+---------+-------
      Total |      73 |       0 |   0.0 |      46 |       0 |   0.0
            +---------+---------+-------+---------+---------+-------
        D:1 |      41 |       0 |   0.0 |      25 |       0 |   0.0
        D:2 |      24 |       0 |   0.0 |      15 |       0 |   0.0
        D:3 |       8 |       0 |   0.0 |       6 |       0 |   0.0
            +---------+---------+-------+---------+---------+-------
